 Dungeon Crawl Stone Soup version 0.29.1-1-gd02db6906a (webtiles) character file.

Game seed: 10586574393177651360

18279 virigoth the Severer (level 12, -1/113 HPs)
             Began as a Minotaur Berserker on Sept 21, 2022.
             Was a Believer of Trog.
             Slain by a tengu warrior
             ... wielding a +3 battleaxe
              (21 damage)
             ... on level 13 of the Dungeon.
             The game lasted 00:46:09 (16795 turns).

virigoth the Severer (Minotaur Berserker)          Turns: 16795, Time: 00:46:09

Health: -1/113     AC:  8    Str: 21    XL:     12   Next: 26%
Magic:  11/11      EV: 13    Int:  8    God:    Trog [**....]
Gold:   848        SH:  0    Dex: 12    Spells: 11/11 levels left

rFire   + . .      SeeInvis +   a - +6 executioner's axe of Ravage {speed, Will+ SInv}
rCold   + . .      Faith    .   (shield currently unavailable)
rNeg    . . .      Spirit   .   X - +0 ring mail {rC+}
rPois   .          Reflect  .   (helmet restricted)
rElec   .          Harm     .   (no cloak)
rCorr   .          Rampage  .   J - +0 pair of gloves {hurl}
Will    +....                   (no boots)
Stlth   +.........              j - amulet of the acrobat
HPRegen 0.28/turn               A - ring of protection from fire
MPRegen 0.12/turn               x - ring of flight

@: about to teleport, on berserk cooldown, flying, slowed, very slow
A: horns 2, retaliatory headbutt
a: Renounce Religion, Berserk, Trog's Hand


You were on level 13 of the Dungeon.
You worshipped Trog.
Trog was pleased with you.
You visited 2 branches of the dungeon, and saw 15 of its levels.
You also visited: Trove.

You collected 848 gold pieces.

Inventory:

Hand Weapons
 a - the +6 executioner's axe of Ravage (weapon) {speed, Will+ SInv}
   (You found it in a treasure trove)

   Attacks with this weapon are significantly faster.
   SInv:      It lets you see invisible.
   Will:      It increases your willpower.
 b - a +4 battleaxe
 v - a +1 antimagic dagger
 D - a +0 war axe of venom
 E - a +1 dagger of holy wrath
 K - the +3 spear "Qoul" {protect, rElec rC+ Str+2 Int+4}
   (You found it on level 8 of the Dungeon)

   It grants its wielder temporary protection when it strikes (+7 to AC).
   Str:       It affects your strength (+2).
   Int:       It affects your intelligence (+4).
   rC:        It protects you from cold.
   rElec:     It insulates you from electricity.
 L - a +2 great mace
 M - a +4 vorpal battleaxe
 N - a +2 battleaxe of electrocution
 O - a +3 vorpal broad axe
 P - a +2 flail of draining
 R - a +1 executioner's axe of freezing
 S - a +3 broad axe of flaming
Missiles
 k - a throwing net
 q - 8 atropa-tipped darts
 z - 38 poisoned darts
 C - 4 boomerangs (quivered)
 H - a curare-tipped dart
Armour
 m - a +1 plate armour
 J - a +0 pair of gloves of hurling (worn)
 X - a +0 ring mail of cold resistance (worn)
Jewellery
 g - a ring of resist corrosion
 j - an amulet of the acrobat (around neck)
 x - a ring of flight (right hand)
 A - a ring of protection from fire (left hand)
 U - a ring of see invisible
Wands
 o - a wand of charming (2)
 p - a wand of polymorph (6)
 t - a wand of quicksilver (6)
 F - a wand of flame (39)
 G - a wand of iceblast (14)
Scrolls
 i - 3 scrolls of identify
 l - 3 scrolls of poison
 n - 3 scrolls of enchant weapon
 r - 3 scrolls of silence
 s - 8 scrolls of teleportation
 u - 3 scrolls of blinking
 y - 2 scrolls of butterflies
 I - a scroll of brand weapon
 T - 6 scrolls of fear
 W - a scroll of magic mapping
Potions
 c - 3 potions of might
 d - a potion of invisibility
 e - 2 potions of ambrosia
 f - 2 potions of heal wounds
 h - 5 potions of curing
 w - a potion of cancellation
 B - 6 potions of haste


   Skills:
 + Level 12.5 Fighting
 * Level 16.9 Axes
 + Level 3.7 Throwing
 - Level 10.2 Armour
 + Level 6.4 Dodging


You had 11 spell levels left.
You didn't know any spells.
Your spell library was empty.

Dungeon Overview and Level Annotations

Branches:
Dungeon (14/15)            Temple (0/1) D:7            Lair (1/5) D:10
    Orc (0/2) D:10
 Vaults: D:13-14

Altars:
Fedhas
Ru
Uskayaw
Zin

Shops:
D:10 (   D:12 *

Annotations:
D:6 1 runed translucent door, exclusion: door, Braxton's ghost, novice DEAE
D:10 2 transporters, exclusion: ice statue, bigduke15's ghost, journeyman MiFi
D:13 Urug


Innate Abilities, Weirdness & Mutations

You have a pair of horns on your head.
You reflexively headbutt those who attack you in melee.


Message History

You feel much better.
The tengu warrior hits you with a +3 battleaxe!!
The tengu warrior pecks you but does no damage.
The tengu warrior claws you.
The boulder beetle bites you but does no damage.
The tengu warrior hits you with a +3 battleaxe!
The tengu warrior barely misses you.
The tengu warrior claws you but does no damage.
The boulder beetle bites you but does no damage.
The boulder beetle attacks as you move away!
The boulder beetle misses you. The tengu warrior misses you. x2
The tengu warrior claws you.
Items here: ! )) ÷.
The tengu warrior hits you with a +3 battleaxe!!
* * * LOW HITPOINT WARNING * * *
The tengu warrior completely misses you.
The tengu warrior claws you.
* * * LOW HITPOINT WARNING * * *
You see here a komodo dragon skeleton.
The tengu warrior attacks as you move away!
The tengu warrior misses you. The tengu warrior pecks you.
* * * LOW HITPOINT WARNING * * *
The tengu warrior claws you.
* * * LOW HITPOINT WARNING * * *
Things that are here:
a +0 giant club; a +0 giant spiked club You feel much better.
The tengu warrior hits you with a +3 battleaxe!!
* * * LOW HITPOINT WARNING * * *
The tengu warrior barely misses you.
The tengu warrior claws you but does no damage.
The tengu warrior barely misses you. The tengu warrior misses you.
The tengu warrior claws you but does no damage.
A tengu conjurer comes into view.
Okay, then.
As you read the scroll of teleportation, it crumbles to dust.
You feel strangely unstable.
The tengu conjurer shouts!
The tengu warrior hits you with a +3 battleaxe!!
You die...

### #.# ### #.## ##.# #..# ##..#
#..## ###..## ##..# #.:..#
#####..##### #....#
#..........######### #....#
#.......>.......@QB## ##....#
#..........#######..####.....# #
#..........## ##........#.####
#...........## ###..Q..##.....
#............##### #..#.......##
#..........[.....## #.##...#.#.#
###########................#°..#
#.......##..#######°.#
#......(....# #..#


You could see a boulder beetle, a tengu warrior and a tengu conjurer.

Vanquished Creatures
  Erolcha (D:13)
  A boulder beetle (D:12)
  A centaur warrior (D:13)
  4 two-headed ogres
  2 ugly things (D:12)
  3 manticores
  A gargoyle (D:11)
  A cane toad (Lair:1)
  A kobold demonologist (D:12)
  An unseen horror (D:13)
  A komodo dragon (D:13)
  5 trolls
  6 slime creatures (D:12)
  A vampire (D:11)
  A shadow (D:11)
  A wyvern (D:6)
  4 wraiths
  4 yaks
  7 vampire mosquitoes (D:13)
  A steam dragon (D:8)
  A water moccasin (D:7)
  A warg (D:10)
  An acid dragon (D:12)
  3 sky beasts (D:7)
  6 orc warriors
  4 black bears
  An ice beast (D:8)
  8 centaurs
  An ogre (D:6)
  A phantom (D:5)
  4 kobold brigands
  2 gnoll sergeants
  6 bullfrogs
  2 necrophages
  5 scorpions
  7 wights
  17 killer bees
  10 howler monkeys
  2 orc priests
  A gnoll bouda (D:7)
  A jelly (D:6)
  3 hounds
  Jessica (D:2)
  Natasha (twice) (D:2)
  7 iguanas
  3 orc wizards
  Robin (D:2)
  22 gnolls
  9 adders
  A shadow imp (D:6)
  A white imp (D:3)
  2 ufetubi
  A worm (D:3)
  A dart slug (D:1)
  19 orcs
  3 ball pythons
  14 endoplasms
  5 giant cockroaches
  12 goblins
  8 hobgoblins
  2 jackals (D:3)
  29 kobolds
  8 quokkas
  7 bats
  A frilled lizard (D:1)
  8 rats
301 creatures vanquished.

Vanquished Creatures (others)
  12 fungi (D:10)
  7 plants
19 creatures vanquished.

Grand Total: 320 creatures vanquished

Notes
Turn   | Place    | Note
-------+----------+-------------------------------------------
     0 | D:1      | virigoth the Minotaur Berserker began the quest for the
                  | Orb.
     0 | D:1      | Reached XP level 1. HP: 19/19 MP: 0/0
   212 | D:1      | Reached XP level 2. HP: 27/27 MP: 1/1
   301 | D:1      | Reached skill level 4 in Axes
   656 | D:1      | Found a faded altar of an unknown god.
   938 | D:2      | Reached XP level 3. HP: 31/33 MP: 2/2
  1058 | D:2      | Noticed Robin
  1069 | D:2      | Reached ** piety under Trog
  1084 | D:2      | Killed Robin
  1215 | D:2      | Reached skill level 5 in Axes
  1345 | D:3      | Reached XP level 4. HP: 36/41 MP: 3/3
  1368 | D:2      | Noticed Jessica
  1374 | D:2      | Killed Jessica
  1439 | D:2      | Noticed Natasha
  1443 | D:2      | Killed Natasha
  1572 | D:2      | Reached XP level 5. HP: 47/47 MP: 4/4
  2084 | D:2      | Noticed Natasha
  2087 | D:2      | Killed Natasha
  2348 | D:3      | Reached skill level 5 in Fighting
  2348 | D:3      | Reached skill level 6 in Axes
  2365 | D:3      | Reached *** piety under Trog
  2585 | D:3      | Reached XP level 6. HP: 56/56 MP: 5/5
  3104 | D:3      | Found a faded altar of an unknown god.
  3108 | D:3      | Found a blossoming altar of Fedhas.
  3260 | D:4      | Reached skill level 7 in Axes
  3620 | D:4      | Found a sacrificial altar of Ru.
  3633 | D:5      | Entered Level 5 of the Dungeon
  3718 | D:4      | Reached XP level 7. HP: 49/62 MP: 6/6
  4063 | D:4      | Reached skill level 5 in Armour
  4067 | D:4      | Reached skill level 8 in Axes
  4851 | D:5      | Reached XP level 8. HP: 71/71 MP: 7/7
  5081 | D:5      | Reached skill level 9 in Axes
  6232 | D:6      | Reached skill level 10 in Axes
  6987 | D:6      | Found a runed translucent door.
  6989 | D:6      | Noticed Braxton's ghost (novice DEAE)
  7434 | D:7      | Reached XP level 9. HP: 72/81 MP: 8/8
  7527 | D:7      | Reached **** piety under Trog
  7771 | D:7      | Found a staircase to the Ecumenical Temple.
  7851 | D:7      | Reached skill level 11 in Axes
  8606 | D:9      | Noticed a troll
  8611 | D:9      | Killed a troll
  8918 | D:8      | Reached skill level 12 in Axes
  9224 | D:8      | Reached skill level 1 in Throwing
  9402 | D:8      | Identified the +3 spear "Qoul" {protect, rElec rC+ Str+2
                  | Int+4}
  9623 | D:9      | You are sucked into a shaft and drop 1 floor!
  9623 | D:10     | Entered Level 10 of the Dungeon
  9661 | D:10     | Found a portal to a secret trove of treasure.
  9672 | Trove    | Entered a treasure trove
  9674 | Trove    | Found a bloodstained altar of Trog.
  9720 | Trove    | Identified the +6 executioner's axe of Ravage {speed, Will+
                  | SInv}
  9874 | D:10     | Noticed a cyclops
  9875 | D:10     | Noticed a two-headed ogre
  9875 | D:10     | Noticed bigduke15's ghost (journeyman MiFi)
 10127 | D:10     | Found a staircase to the Orcish Mines.
 10152 | D:10     | Reached XP level 10. HP: 77/91 MP: 9/9
 10327 | D:10     | Found Ponlale's Antique Weapon Emporium.
 10786 | D:9      | Found a glowing silver altar of Zin.
 10819 | D:9      | Reached * piety under Trog
 10954 | D:9      | Reached skill level 13 in Axes
 11585 | D:9      | Reached skill level 10 in Fighting
 11929 | D:10     | Found a transporter.
 11986 | D:10     | Found a transporter.
 12320 | D:10     | Noticed an ice statue
 12338 | D:10     | Noticed a cyclops
 12339 | D:10     | Noticed a two-headed ogre
 12347 | D:10     | Killed a two-headed ogre
 12348 | D:10     | Reached skill level 14 in Axes
 12605 | D:11     | Reached skill level 10 in Armour
 12672 | D:10     | Found a staircase to the Lair.
 12733 | Lair:1   | Entered Level 1 of the Lair of Beasts
 12733 | Lair:1   | Noticed a cane toad
 12738 | Lair:1   | Killed a cane toad
 13235 | D:11     | Noticed a two-headed ogre
 13245 | D:11     | Killed a two-headed ogre
 13246 | D:11     | Reached XP level 11. HP: 59/101 MP: 10/10
 13431 | D:11     | Found a hide-covered altar of Uskayaw.
 13718 | D:12     | Reached skill level 15 in Axes
 14504 | D:12     | Noticed a red ugly thing
 14507 | D:12     | Noticed a red ugly thing
 14516 | D:12     | Killed a red ugly thing
 14523 | D:12     | Killed a red ugly thing
 15167 | D:13     | Noticed a boulder beetle
 15357 | D:12     | Killed a boulder beetle
 15358 | D:12     | Reached skill level 16 in Axes
 15358 | D:12     | Reached skill level 5 in Dodging
 15469 | D:12     | Noticed a two-headed ogre
 15478 | D:12     | Killed a two-headed ogre
 15661 | D:12     | Found Vokorgh's Assorted Antiques.
 16235 | D:13     | Noticed Erolcha
 16240 | D:13     | Killed Erolcha
 16241 | D:13     | Reached XP level 12. HP: 112/112 MP: 11/11
 16288 | D:14     | Noticed a centaur warrior
 16308 | D:13     | Noticed a two-headed ogre
 16323 | D:13     | Killed a two-headed ogre
 16472 | D:13     | Noticed a centaur warrior
 16486 | D:13     | Killed a centaur warrior
 16766 | D:13     | Noticed Urug
 16776 | D:13     | Noticed a boulder beetle
 16778 | D:13     | Noticed a tengu warrior
 16795 | D:13     | Slain by a tengu warrior

Illustrated notes

Levels and vault maps discovered:
D:1:      eino_arrival_druids_welcome, layout_basic,
          chequers_ecumenical_altar_simple
D:2:      layout_basic, uniq_natasha, uniq_jessica, uniq_robin
D:3:      layout_loops_corners, nicolae_overflow_ecumenical_swirl
D:4:      layout_basic, hangedman_ru_absence, portal_sewer_entry_f,
          minmay_misc_feat_doors
D:5:      layout_loops_corners
D:6:      layout_loops_cross, gammafunk_ghost_grave,
          minmay_misc_feat_secret_circle, kennysheep_generic_room_14
D:7:      layout_gridville, temple_doors_e, grunt_decor_resistance,
          amethyst_killhole, minmay_misc_feat_more_columns,
          chequers_serial_rivers_micro_d, bh_walls_and_bars
D:8:      layout_basic
D:9:      layout_gridville, amcnicky_altar_gilded, minmay_misc_feat_tower
D:10:     layout_long_grid, grunt_lair_entry_orc_guard_hut, david_orc_1_choice,
          nzn_ghost_randoct, nicolae_trove_entry_isolated, serial_shops,
          kennysheep_little_box
D:11:     layout_roguey, nicolae_uskayaw_murder_on_the_dancefloor
D:12:     layout_roguey, serial_shops, shop
D:13:     layout_rooms, skrybe_vaults_entry_preservation, uniq_urug,
          uniq_erolcha
D:14:     layout_roguey, nemelex_diamond_rough_becter, minmay_misc_feat_ornament
Lair:1:   layout_long_grid, nicolae_lair_grove_arrangements, grunt_megastairs_2

Skill      XL: |  1  2  3  4  5  6  7  8  9 10 11 12 |
---------------+-------------------------------------+-----
Axes           | 4 5 6 7 8 10 12 14 16 | 16.9
Fighting       | 4 5 6 8 9 10 12 | 12.5
Armour         | 3 4 5 7 8 10 | 10.2
Throwing       | 1 3 |  3.7
Dodging        | 5 6 |  6.4

Action                   |  1- 3 |  4- 6 |  7- 9 | 10-12 || total
-------------------------+-------+-------+-------+-------++-------
Melee: Hand axe          |    64 |   136 |   190 |       ||   390
       Headbutt          |     6 |    24 |    60 |    50 ||   140
       Punch             |       |     2 |     4 |       ||     6
       War axe           |       |       |    92 |       ||    92
       Executioner's axe |       |       |    14 |   286 ||   300
Throw: Dart              |       |       |     1 |       ||     1
       Boomerang         |       |       |     5 |    21 ||    26
Invok: Berserk           |     1 |     2 |     8 |     7 ||    18
       Trog's Hand       |       |     1 |       |     1 ||     2
  Use: Scroll            |     2 |     2 |    13 |     8 ||    25
       Potion            |       |     2 |       |    10 ||    12
 Stab: Sleeping          |     2 |       |       |       ||     2
Armor: Animal skin       |     9 |       |       |       ||     9
       Scale mail        |       |    40 |    92 |    22 ||   154
       Ring mail         |       |       |       |    84 ||    84
Dodge: Dodged            |    34 |    86 |   155 |   235 ||   510
